 Dungeon Sprint DCSS version 0.26-a0-663-g36e8fdb655 (webtiles) character file.

Game seed: 7768167958185634814

615 sahdkjhfkaj the Basher (level 7, 0/87 HPs)
             Began as an Ogre Berserker on Oct 11, 2020.
             Was a Priest of Trog.
             Succumbed to Sonja's poison
             ... in the Dungeon (Sprint I: "Red Sonja").
             The game lasted 00:01:11 (698 turns).

sahdkjhfkaj the Basher (Ogre Berserker)              Turns: 698, Time: 00:01:11

Health: 0/87       AC:  3    Str: 24    XL:     7   Next: 45%
Magic:  7/7        EV: 10    Int:  8    God:    Trog [***...]
Gold:   405        SH:  0    Dex:  8    Spells: 6/6 levels left

rFire    . . .     SeeInvis .   i - +0 giant club
rCold    . . .     Faith    .   (shield currently unavailable)
rNeg     . . .     Spirit   .   b - +0 animal skin
rPois    .         Reflect  .   (helmet restricted)
rElec    .         Harm     .   (no cloak)
rCorr    .         Rampage  .   (gloves unavailable)
MR       .....     NoTele   +   (boots unavailable)
Stlth    +.........             (no amulet)
HPRegen  0.24/turn              (no ring)
MPRegen  0.10/turn              (no ring)

@: lethally poisoned (0 -> -162), berserk cooldown, slowed, very slow
A: large, unfitting armour, tough skin 1
a: Berserk, Trog's Hand, Renounce Religion


You were in the Dungeon.
You worshipped Trog.
Trog was most pleased with you.
You visited 1 branch You collected 405 gold pieces.

Inventory:

Hand Weapons
 i - a +0 giant club (weapon)
Armour
 b - a +0 animal skin (worn)
Scrolls
 h - a scroll of blinking
Potions
 c - a potion of curing
 d - a potion of heal wounds
 e - a potion of haste
 f - 2 potions of magic
 g - a potion of berserk rage


   Skills:
 + Level 10.3 Fighting
 * Level 12.6 Maces & Flails
 - Level 2.6 Dodging


You had 6 spell levels left.
You didn't know any spells.
Your spell library was empty.

Dungeon Overview and Level Annotations

Branches:
Dungeon (1/1)

Altars:
Cheibriados
Dithmenos
Elyvilon
Fedhas
Gozag
Hepliaklqana
Kikubaaqudgha
Makhleb
Nemelex Xobeh
Okawaru
Qazlal
Ru
Sif Muna
Trog
Uskayaw
Vehumet
Wu Jian
Xom
Yredelemnul
Zin
The Shining One
Jiyva
Lugonu

Shops:
D *

Annotations:
D Sonja


Innate Abilities, Weirdness & Mutations

You are too large for most types of armour.
You have tough skin. (AC +1)


Message History

Press < or > to pray at altars.
Unknown command.
Press < or > to pray at altars.
Unknown command.
Press < or > to pray at altars.
Unknown command.
Press < or > to pray at altars.
Unknown command.
Press < or > to pray at altars.
Unknown command.
Press < or > to pray at altars.
Unknown command.
Press < or > to pray at altars.
Unknown command.
Press < or > to pray at altars.
You completely miss Sonja.
You are no longer berserk.
You are exhausted.
You feel as though you will be slow longer.
You die...

######################
#<.#..)..#..'..#__#..+
#..[..#..').#..'..'..#
#..#####'#####'#__####
#..####..#...#[####
#..#__####..##)#
#..#_____##'#_.+
#⌠⌠#_.∩...'.(.@#
####_..__##_(#K#
#_____###'#(# #######
#.### $.$ $§$ ##.##
#+#


You could see Sonja.

Vanquished Creatures
  A slime creature (D)
  Sigmund (D)
  A yak (D)
  An ogre (D)
  A jelly (D)
  Ijyb (D)
6 creatures vanquished.

Notes
Turn   | Place    | Note
-------+----------+-------------------------------------------
     0 | D        | sahdkjhfkaj the Ogre Berserker began the quest for the Orb.
     0 | D        | Reached XP level 1. HP: 24/24 MP: 1/1
     1 | D        | Noticed Ijyb
    14 | D        | Killed Ijyb
    14 | D        | Reached skill level 5 in Maces & Flails
    14 | D        | Reached XP level 2. HP: 32/32 MP: 2/2
    14 | D        | Reached XP level 3. HP: 39/39 MP: 3/3
   131 | D        | Noticed an ogre
   139 | D        | Killed an ogre
   139 | D        | Reached skill level 8 in Maces & Flails
   139 | D        | Reached XP level 4. HP: 28/48 MP: 4/4
   326 | D        | Noticed Sigmund
   330 | D        | Killed Sigmund
   330 | D        | Reached ** piety under Trog
   330 | D        | Reached skill level 10 in Maces & Flails
   330 | D        | Reached XP level 5. HP: 61/62 MP: 5/5
   330 | D        | Reached XP level 6. HP: 70/71 MP: 6/6
   343 | D        | Found a burning altar of Makhleb.
   343 | D        | Found a viscous altar of Jiyva.
   343 | D        | Found a shimmering altar of Xom.
   343 | D        | Found a corrupted altar of Lugonu.
   343 | D        | Noticed a slime creature
   344 | D        | Found an ornate altar of the Wu Jian Council.
   344 | D        | Found a shimmering blue altar of Sif Muna.
   355 | D        | Killed a slime creature
   355 | D        | Reached skill level 11 in Maces & Flails
   355 | D        | Reached XP level 7. HP: 39/83 MP: 7/7
   356 | D        | Reached skill level 12 in Maces & Flails
   594 | D        | Found a radiant altar of Vehumet.
   612 | D        | Found Wuohel's Assorted Antiques.
   612 | D        | Found an ancient bone altar of Kikubaaqudgha.
   612 | D        | Found a hazy altar of Hepliaklqana.
   612 | D        | Found a stormy altar of Qazlal.
   612 | D        | Found a hide-covered altar of Uskayaw.
   612 | D        | Found a blossoming altar of Fedhas.
   612 | D        | Found a bloodstained altar of Trog.
   612 | D        | Found an iron altar of Okawaru.
   612 | D        | Found a basalt altar of Yredelemnul.
   612 | D        | Found a glowing golden altar of the Shining One.
   612 | D        | Found a snail-covered altar of Cheibriados.
   612 | D        | Found a sacrificial altar of Ru.
   612 | D        | Found a glowing silver altar of Zin.
   612 | D        | Found a shadowy altar of Dithmenos.
   612 | D        | Found a white marble altar of Elyvilon.
   612 | D        | Noticed a yak
   616 | D        | Killed a yak
   616 | D        | Reached *** piety under Trog
   616 | D        | Reached skill level 10 in Fighting
   617 | D        | Found an opulent altar of Gozag.
   618 | D        | Found a sparkling altar of Nemelex Xobeh.
   688 | D        | Noticed Sonja
   698 | D        | Succumbed to Sonja's poison

Illustrated notes

Levels and vault maps discovered:
D:        dungeon_sprint_1 [red_sonja_temple_1, red_sonja_temple_small_1]

Skill      XL: |  1  2  3  4  5  6  7 |
---------------+----------------------+-----
Maces & Flails | 5 8 10 11 12 | 12.6
Fighting       | 7 9 10 | 10.3
Dodging        | |  2.6

Action                   |  1- 3 |  4- 6 |  7- 9 || total
-------------------------+-------+-------+-------++-------
Melee: Mace              |    19 |       |       ||    19
       Giant club        |       |     6 |    11 ||    17
Invok: Berserk           |     2 |     1 |     1 ||     4
Armor: Animal skin       |     2 |     1 |     3 ||     6
Dodge: Dodged            |     5 |     1 |     8 ||    14

Table legend: (Time is in decaauts)
 A = Elapsed time spent in this place.
 B = Non-inter-level travel time spent in this place.
 C = Inter-level travel time spent in this place.
 D = Time resting spent in this place.
 E = Time spent auto-exploring this place.
 F = Levels seen in this place.
 G = Mean time per level.
                   A        B        C        D        E       F      G
               +--------+--------+--------+--------+--------+-----+--------+
         Total |    727 |    727 |      0 |    571 |      1 |   1 |  727.0 |
       Dungeon |    727 |    727 |      0 |    571 |      1 |   1 |  727.0 |
               +--------+--------+--------+--------+--------+-----+--------+

Top non-repeatable levels by time:
       D: 727 daAuts
